 Dungeon Crawl Stone Soup version 0.17-a0-1079-g9903972 (console) character file.

392 Garrluk the Cudgeler (level 6, -13/93 HPs)
             Began as an Ogre Fighter on May 19, 2015.
             Mangled by ZiggyStardust's ghost (21 damage)
             ... on level 6 of the Dungeon.
             The game lasted 00:11:26 (4772 turns).

Garrluk the Cudgeler (Ogre Fighter)                 Turns: 4772, Time: 00:11:26

Health: -13/93     AC: 23    Str: 22    XL:     6   Next: 81%
Magic:  6/6        EV:  1    Int:  9    God:
Gold:   174        SH:  8    Dex:  9    Spells: 0 memorised, 5 levels left

rFire  . . .     SeeInvis .     a - +1 flail
rCold  . . .     Clarity  .     (armour currently unavailable)
rNeg   + + +     SustAb   .     c - +0 shield
rPois  +         Gourm    .     (helmet currently unavailable)
rElec  .         Spirit   .     (cloak currently unavailable)
rCorr  .         Warding  .     (gloves unavailable)
rMut   +         NoTele   +     (boots unavailable)
MR     +....                    n - amulet of resist mutation
Stlth  +.........               e - ring of poison resistance
                                f - ring of protection from magic

@: tree-form (expiring), somewhat resistant to hostile enchantments, very
unstealthy
A: unfitting armour, (tough skin 0)
a: no special abilities


You were on level 6 of the Dungeon.
You were very full.
You were a tree.
You visited 1 branch of the dungeon, and saw 6 of its levels.

You collected 174 gold pieces.

Notes
Turn   | Place    | Note
--------------------------------------------------------------
     0 | D:1      | Garrluk the Ogre Fighter began the quest for the Orb.
     0 | D:1      | Reached XP level 1. HP: 24/24 MP: 1/1
   103 | D:1      | Reached skill level 1 in Throwing
   134 | D:1      | Reached XP level 2. HP: 13/32 MP: 2/2
   671 | D:1      | Reached XP level 3. HP: 36/39 MP: 3/3
  1619 | D:2      | Reached XP level 4. HP: 27/48 MP: 4/4
  2038 | D:2      | Reached skill level 5 in Maces & Flails
  2843 | D:3      | Reached XP level 5. HP: 54/54 MP: 5/5
  3349 | D:4      | Reached skill level 6 in Maces & Flails
  3549 | D:4      | Reached XP level 6. HP: 44/62 MP: 6/6
  3763 | D:4      | Reached skill level 7 in Maces & Flails
  3927 | D:5      | Entered Level 5 of the Dungeon
  4346 | D:5      | Found a deep blue altar of Sif Muna.
  4758 | D:6      | Noticed ZiggyStardust's ghost (experienced OgMo)
  4772 | D:6      | Mangled by ZiggyStardust's ghost

Inventory:

Hand weapons
 a - a +1 flail (weapon)
Missiles
 g - 107 stones (quivered)
Armour
 b - a +0 robe (melded)
 c - a +0 shield (worn)
 v - a +0 cloak (melded)
   (You found it on level 5 of the Dungeon)
Jewellery
 e - a ring of poison resistance (right branch)
   (You found it on level 3 of the Dungeon)
 f - a ring of protection from magic (left branch)
   (You found it on level 1 of the Dungeon)
 n - an amulet of resist mutation (around neck)
   (You found it on level 5 of the Dungeon)
Scrolls
 k - a scroll of amnesia
 l - 3 scrolls of magic mapping
 o - 4 scrolls of teleportation
 r - a scroll of enchant weapon
 u - 2 scrolls of remove curse
 w - a scroll of identify
Potions
 d - 2 potions of might
 i - a potion of brilliance
 j - a potion of lignification
 m - 2 potions of heal wounds
 z - a potion of magic
Books
 p - an Akashic Record {highlevel, unknown}
   (You found it on level 2 of the Dungeon)

   This book is beyond your current level of understanding.

   Spells                             Type                      Level
   a - Dispersal                      Translocation                6
   b - Controlled Blink               Translocation                7
   c - Malign Gateway                 Summoning/Translocation      7
   d - Disjunction                    Translocation                8
   e - Singularity                    Translocation                9
Comestibles
 h - 5 fruits
 s - 4 meat rations
 t - 3 bread rations
 x - 3 chunks of flesh

Table legend:
 A = Turns spent in this place as a percentage of turns spent in the entire game.
 B = Non-inter-level travel turns spent in this place as a percentage of non-inter-level travel turns spent in the entire game.
 C = Inter-level travel turns spent in this place as a percentage of turns spent in this place.
 D = Turns resting spent in this place as a percentage of non-inter-level travel turns spent in this place.
 E = Turns spent auto-exploring this place as a percentage of non-inter-level travel turns spent in this place.
 F = Non-inter-level travel turns spent in this place divided by the number of levels of this place that you've seen.
                   A       B       C       D       E      F
               +-------+-------+-------+-------+-------+----------------------
         Total | 100.0 | 100.0 |   0.6 |   2.1 |   9.6 | 225.3
       Dungeon | 100.0 | 100.0 |   0.6 |   2.1 |   9.6 | 225.3
               +-------+-------+-------+-------+-------+----------------------


   Skills:
 - Level 4.0 Fighting
 * Level 7.7 Maces & Flails
 + Level 3.9 Throwing
 - Level 2.6 Dodging
 - Level 2.6 Shields


You had 5 spell levels left.
You didn't know any spells.

Dungeon Overview and Level Annotations

Branches:
Dungeon (6/15)
 Temple: D:4-7

Altars:
Sif Muna

Annotations:
D:5 exclusion: door
D:6 ZiggyStardust's ghost, experienced OgMo


Innate Abilities, Weirdness & Mutations

You are too large for most types of armour.
((You have tough skin (AC +1).))


Message History

You closely miss ZiggyStardust's ghost.
ZiggyStardust's ghost is almost destroyed.
ZiggyStardust's ghost hits you!
You miss ZiggyStardust's ghost.
ZiggyStardust's ghost is almost destroyed.
Your transformation is almost over.
ZiggyStardust's ghost hits you but does no damage.
You barely miss ZiggyStardust's ghost.
ZiggyStardust's ghost is almost destroyed.
ZiggyStardust's ghost hits you!!
* * * LOW HITPOINT WARNING * * *
ZiggyStardust's ghost hits you!
* * * LOW HITPOINT WARNING * * *
Press: ? - help, v - describe, . - travel
Here: ZiggyStardust's ghost (almost destroyed)
The floor.
You closely miss ZiggyStardust's ghost.
ZiggyStardust's ghost is almost destroyed.
ZiggyStardust's ghost hits you!!
You die...

#. ## #.## . ..# #.....
#..#.# #. #..#.# #.#
####..#.####.. .. ...
.........♣##.# .? ..
######..#.#W##.# .... #
..........#(##.####.#.##.#
##.....##(##..........
#.......#(...<......#
#..........(..####.##.
##.......###.......#
##.....## ###.#####
##...## #.# .. ##.##
####.###.... #.
#...........


You could see ZiggyStardust's ghost.

Table legend:
 A = Kills in this place as a percentage of kills in entire the game.
 B = Kills by you in this place as a percentage of kills by you in the entire game.
 C = Kills by friends in this place as a percentage of kills by friends in the entire game.
 D = Other kills in this place as a percentage of other kills in the entire game.
 E = Experience gained in this place as a percentage of experience gained in the entire game.
 F = Experience gained in this place divided by the number of levels of this place that you have seen.
                   A       B       C       D       E      F
               +-------+-------+-------+-------+-------+----------------------
         Total | 100.0 | 100.0 |  -nan |  -nan | 100.0 |  93.5
       Dungeon | 100.0 | 100.0 |  -nan |  -nan | 100.0 |  93.5
               +-------+-------+-------+-------+-------+----------------------

Vanquished Creatures
  Monster Symbol All 'J'
  An ooze (D:1)
1 creature vanquished. All 'K' 9 kobolds
9 creatures vanquished. All 'S' 6 adders A ball python (D:5)
7 creatures vanquished. All 'Z' A centaur skeleton (D:4) 2 bat skeletons (D:4) A jackal skeleton (D:4)
4 creatures vanquished. All 'a' 2 worker ants (D:4)
2 creatures vanquished. All 'b' 5 bats
5 creatures vanquished. All 'g' 11 goblins 9 hobgoblins
20 creatures vanquished. All 'h' 2 hounds 8 jackals (D:2)
10 creatures vanquished. All 'l' 2 iguanas 2 giant geckos (D:1) 2 giant newts
6 creatures vanquished. All 'o' An orc wizard (D:4) 10 orcs
11 creatures vanquished. All 'r' 11 rats
11 creatures vanquished. All 's' 3 giant cockroaches
3 creatures vanquished. All 'w' 4 worms
4 creatures vanquished.
93 creatures vanquished. Monster Nature Natural Monsters 2 hounds 2 worker ants (D:4) 2 iguanas An orc wizard (D:4) 6 adders An ooze (D:1) 4 worms 2 giant geckos (D:1) 10 orcs A ball python (D:5) 3 giant cockroaches 11 goblins 9 hobgoblins 8 jackals (D:2) 5 bats 2 giant newts 9 kobolds 11 rats
89 creatures vanquished. Undead Monsters A centaur skeleton (D:4) 2 bat skeletons (D:4) A jackal skeleton (D:4)
4 creatures vanquished.
93 creatures vanquished. Ascending Order A centaur skeleton (D:4) An orc wizard (D:4) An ooze (D:1) A ball python (D:5) A jackal skeleton (D:4) 2 hounds 2 worker ants (D:4) 2 iguanas 2 giant geckos (D:1) 2 bat skeletons (D:4) 2 giant newts 3 giant cockroaches 4 worms 5 bats 6 adders 8 jackals (D:2) 9 hobgoblins 9 kobolds 10 orcs 11 goblins 11 rats
93 creatures vanquished.

Action                   |  1- 3 |  4- 6 || total
-------------------------+-------+-------++-------
Melee: Flail             |   127 |   177 ||   304
Throw: Stone             |    70 |    81 ||   151
       Large rock        |       |     8 ||     8
  Use: Scroll            |     3 |     6 ||     9
       Potion            |       |     5 ||     5
  Eat: Chunk             |     2 |     8 ||    10
       Bread ration      |       |     2 ||     2
